 Dungeon Crawl Stone Soup version 0.31.0-11-ge490571c62 (webtiles) character file.

Game seed: 849838374178911135

3780 sasquatch the Zephyrmancer (level 10, -1/50 HPs)
             Began as a Tengu Air Elementalist on Jan 26, 2024.
             Was a Believer of Vehumet.
             Slain by a yak (13 damage)
             ... on level 8 of the Dungeon.
             The game lasted 00:19:45 (9354 turns).

sasquatch the Zephyrmancer (Tengu Air Elementalist) Turns: 9354, Time: 00:19:45

Health: -1/50      AC:  4    Str:  8    XL:     10   Next: 16%
Magic:  3/21       EV: 20    Int: 21    God:    Vehumet [**....]
Gold:   450        SH:  0    Dex: 11    Spells: 3/23 levels left

rFire   + + .        h - staff of conjuration
rCold   + + .        (no shield)
rNeg    . . .        m - +0 leather armour {Will+}
rPois   .            (helmet restricted)
rElec   +            s - scarf {rC+ rF+}
rCorr   .            p - +0 pair of gloves
SInv    .            (boots unavailable)
Will    ++...        (no amulet)
Stlth   ++           F - ring "Damnable Contraption" {rElec rF+ rC+ Will+ Dex-3}
HPRegen 0.28/turn    D - +5 ring of evasion
MPRegen 0.17/turn

%: acrobat
@: lethally poisoned (-1 -> -3), flying
A: beak, talons 3, evasive flight, acrobatic
a: Renounce Religion


You were on level 8 of the Dungeon.
You worshipped Vehumet.
Vehumet was pleased with you.
You visited 2 branches of the dungeon, and saw 9 of its levels.

You collected 450 gold pieces.

Inventory:

Missiles
 c - 18 poisoned darts
 x - 3 curare-tipped darts
Armour
 m - a +0 leather armour of willpower (worn)
 p - a +0 pair of gloves (worn)
 s - a scarf of resistance (worn)
Magical Staves
 h - a staff of conjuration (weapon)
Jewellery
 n - a ring of protection from fire
 C - a ring of see invisible
 D - a +5 ring of evasion (right hand)
 E - a ring of ice
 F - the ring "Damnable Contraption" (left hand) {rElec rF+ rC+ Will+ Dex-3}
   (You found it on level 6 of the Dungeon)

   [ring of protection from cold]

   Dex-3:     It affects your dexterity (-3).
   rF+:       It protects you from fire.
   rC+:       It protects you from cold.
   rElec:     It insulates you from electricity.
   Will+:     It increases your willpower.
Wands
 G - a wand of flame (46)
Scrolls
 d - 2 scrolls of teleportation {unknown}
 i - a scroll of vulnerability {unknown}
 j - 2 scrolls of amnesia {unknown}
 o - a scroll of torment {unknown}
 q - a scroll of immolation {unknown}
 r - 2 scrolls of fog
 t - a scroll of noise {unknown}
 u - a scroll of brand weapon {unknown}
 v - 2 scrolls of enchant armour {unknown}
 y - a scroll of blinking {unknown}
 B - 3 scrolls of enchant weapon {unknown}
Potions
 a - 2 potions of curing
 b - 2 potions of magic
 e - a potion of berserk rage
 f - a potion of attraction
 g - 3 potions of brilliance
 k - a potion of enlightenment {unknown}
 l - 2 potions of heal wounds
 w - a potion of degeneration {unknown}
 z - a potion of ambrosia {unknown}
 A - a potion of cancellation {unknown}


   Skills:
 - Level 2.1 Dodging
 - Level 2.0 Stealth
 + Level 7.2 Spellcasting
 + Level 9.7 Conjurations
 + Level 4.3 Fire Magic
 - Level 12.0 Air Magic


You had 3 spell levels left.
You knew the following spells:

 Your Spells              Type           Power      Damage    Failure   Level
a - Shock                 Conj/Air       100%       1d9       1%          1
b - Static Discharge      Conj/Air       100%       3-8/arc   1%          2
c - Swiftness             Air            55%        N/A       1%          3
d - Sting                 Conj/Alch      100%       1d9       1%          1
e - Apportation           Tloc           14%        N/A       13%         1
f - Airstrike             Air            27%        2d(4-20)  1%          4
g - Blink                 Tloc           14%        N/A       19%         2
h - Sandblast             Erth           14%        2d6       13%         1
i - Fireball              Conj/Fire      27%        3d12      19%         5

Your spell library contained the following spells:

 Spells                   Type           Power      Damage    Failure   Level
 Searing Ray              Conj           100%       2d8       1%          2
 Momentum Strike          Conj/Tloc      84%        3d10      2%          2
 Scorch                   Fire           50%        2d7       3%          2
 Hailstorm                Conj/Ice       42%        3d9       4%          3
 Necrotise                Necr           28%        1d5       13%         1
 Slow                     Hex            28%        N/A       13%         1
 Summon Small Mammal      Summ           28%        N/A       13%         1
 Lesser Beckoning         Tloc           14%        N/A       19%         2
 Call Canine Familiar     Summ           7%         N/A       36%         3
 Confusing Touch          Hex            7%         N/A       36%         3
 Sigil of Binding         Hex            7%         N/A       36%         3
 Summon Ice Beast         Ice/Summ       7%         N/A       36%         3
 Vampiric Draining        Necr           7%         2d6       36%         3
 Summon Lightning Spire   Summ/Air       32%        N/A       11%         4
 Summon Blazeheart Golem  Fire/Summ      16%        N/A       45%         4
 Plasma Beam              Fire/Air       20%        2x1d32    56%         6
 Starburst                Conj/Fire      27%        6d9       71%         6
 Dimensional Bullseye     Hex/Tloc       3%         N/A       77%         4
 Sculpt Simulacrum        Ice/Alch       3%         N/A       100%        6


Dungeon Overview and Level Annotations

Branches:
Dungeon (8/15)             Temple (1/1) D:5            Lair (0/5) D:8

Altars:
Ashenzari
Cheibriados
Dithmenos
Elyvilon
Fedhas
Gozag
Hepliaklqana
Kikubaaqudgha
Makhleb
Okawaru
Qazlal
Ru
Trog
Uskayaw
Vehumet
Wu Jian
Xom
Yredelemnul
Zin
The Shining One


Innate Abilities, Weirdness & Mutations

You have a beak for a mouth.
You have claws for feet.
Your magical flight helps you evade attacks. (EV +4)
You can magically evade attacks while moving or waiting.


Message History

You feel a surge of power!
The yak is struck by an arc of lightning.
The yak is lightly wounded.
You resist.
You are struck by an arc of lightning.
The hornet is struck by an arc of lightning.
The hornet is severely wounded.
You resist.
You are struck by an arc of lightning.
The hornet is struck by an arc of lightning.
The hornet is severely wounded.
The yak is struck by an arc of lightning!
The yak is heavily wounded.
The hornet is struck by an arc of lightning.
The hornet is almost dead.
The lightning grounds out.
You feel sick. The hornet closely misses you. The hornet completely misses you.
Casting: Static Discharge (safe; 1% risk of failure)
Confirm with . or Enter, or press ? or * to list all spells.
You feel a surge of power!
The yak is struck by an arc of lightning!
The yak is moderately wounded.
The yak is struck by an arc of lightning!
The yak is severely wounded.
The yak is struck by an arc of lightning.
The yak is heavily wounded.
The hornet is struck by an arc of lightning.
The hornet is almost dead.
The yak is struck by an arc of lightning!
The yak is severely wounded.
The lightning grounds out.
The hornet is struck by an arc of lightning.
You kill the hornet!
Vehumet accepts your kill.
The yak is struck by an arc of lightning!
The yak is almost dead.
The lightning grounds out.
You feel yourself speed up.
You feel sick. The yak barely misses you. The yak gores you!
* * * LOW HITPOINT WARNING * * *
The yak gores you!
You die...

###. .. #..)....... ....
#.###.†....... ..# .##....#...#
..# ........####
..##......##.#.##
..##.........#..#
..##......_...#.##
..............#YY#
.##.....⌠......#@####
..##................##
...#.._..............##########
.#.#..........##...........<..#
.#...##..........>............#
.##..##.....#.###.............#
.....##.....#.# ####..........#
......#.....#.# #........).#
#.##..#.....#.# #..........#


You could see 2 yaks.

Vanquished Creatures
  A gargoyle (D:6)
  2 hornets
  Sigmund (D:6)
  A yak (D:8)
  2 water moccasins
  2 ice beasts
  3 sky beasts
  2 black bears
  2 ogres
  A kobold brigand (D:7)
  3 bullfrogs
  2 scorpions
  5 wights
  4 killer bees (D:8)
  3 howler monkeys (D:7)
  2 jellies
  3 hounds
  2 gnoll boudas
  An orc priest (D:5)
  3 sleepcaps
  11 iguanas
  4 orc wizards
  Robin (D:4)
  7 gnolls
  7 adders
  2 shadow imps
  2 white imps
  2 dart slugs
  4 ribbon worms
  20 orcs
  5 bats
  5 endoplasms
  6 giant cockroaches
  11 goblins
  11 hobgoblins
  11 jackals
  12 kobolds
  5 quokkas
  6 ball pythons
  2 frilled lizards
  5 rats
184 creatures vanquished.

Notes
Turn   | Place    | Note
-------+----------+-------------------------------------------
     0 | D:1      | sasquatch the Tengu Air Elementalist began the quest for
                  | the Orb.
     0 | D:1      | Reached XP level 1. HP: 10/10 MP: 4/4
   116 | D:1      | Reached XP level 2. HP: 13/15 MP: 0/6
   363 | D:1      | Found a faded altar of an unknown god.
   822 | D:1      | Reached XP level 3. HP: 19/19 MP: 5/7
   825 | D:1      | Learned a level 2 spell: Static Discharge
   829 | D:1      | Learned a level 3 spell: Swiftness
  1208 | D:2      | Found an iron altar of Okawaru.
  1816 | D:2      | Got the Incunable of the Exothermic Familiar
  2052 | D:2      | Reached XP level 4. HP: 24/24 MP: 6/8
  2180 | D:2      | Reached skill level 5 in Air Magic
  2651 | D:3      | Reached XP level 5. HP: 28/28 MP: 4/10
  3235 | D:4      | Learned a level 1 spell: Sting
  3237 | D:4      | Learned a level 1 spell: Apportation
  3243 | D:4      | Reached skill level 6 in Air Magic
  3597 | D:4      | Noticed a black bear
  3607 | D:4      | Reached XP level 6. HP: 32/32 MP: 6/11
  3611 | D:4      | Noticed Robin
  3710 | D:4      | Killed Robin
  3773 | D:4      | Killed a black bear
  3774 | D:4      | Reached skill level 5 in Conjurations
  4032 | D:4      | Found a shimmering altar of Xom.
  4040 | D:4      | Reached skill level 7 in Air Magic
  4040 | D:4      | Gained mutation: Your magical flight helps you evade
                  | attacks. (EV +4) [Tengu growth]
  4040 | D:4      | Reached XP level 7. HP: 32/36 MP: 5/13
  4313 | D:3      | Learned a level 4 spell: Airstrike
  4332 | D:5      | Entered Level 5 of the Dungeon
  4613 | D:5      | Found a staircase to the Ecumenical Temple.
  4622 | Temple   | Entered the Ecumenical Temple
  4659 | Temple   | Became a worshipper of Vehumet
  4913 | D:5      | Got Zysam's Compilation of the Inferno
  5118 | D:5      | Reached skill level 8 in Air Magic
  5221 | D:5      | Learned a level 2 spell: Blink
  5386 | D:5      | Reached XP level 8. HP: 27/41 MP: 8/15
  6175 | D:6      | Noticed a hornet
  6175 | D:6      | Noticed a gargoyle
  6181 | D:6      | Killed a hornet
  6182 | D:6      | Reached skill level 9 in Air Magic
  6344 | D:6      | Identified the +1 helmet "Lija Ypy" {Fly rElec Dex+3}
  6531 | D:6      | Reached skill level 10 in Air Magic
  6561 | D:6      | Identified the +0 ring mail of Jigsaw {Dex+3}
  6564 | D:6      | Identified the ring "Damnable Contraption" {rElec rF+ rC+
                  | Will+ Dex-3}
  6592 | D:6      | Reached skill level 5 in Spellcasting
  6725 | D:6      | Noticed Sigmund
  6730 | D:6      | Killed Sigmund
  6731 | D:6      | Reached XP level 9. HP: 45/45 MP: 11/17
  7240 | D:6      | Reached skill level 11 in Air Magic
  7378 | D:6      | Killed a gargoyle
  7378 | D:6      | Reached * piety under Vehumet
  7378 | D:6      | Offered knowledge of Sandblast by Vehumet.
  7379 | D:6      | Reached skill level 12 in Air Magic
  7474 | D:6      | Learned a level 1 spell: Sandblast
  7480 | D:6      | Learned a level 5 spell: Fireball
  7617 | D:6      | Reached skill level 1 in Fire Magic
  8908 | D:8      | Reached XP level 10. HP: 50/50 MP: 12/21
  9263 | D:8      | Found a broken altar of Ashenzari.
  9264 | D:8      | Found a white marble altar of Elyvilon.
  9273 | D:8      | Found a staircase to the Lair.
  9336 | D:8      | Reached ** piety under Vehumet
  9336 | D:8      | Offered knowledge of Searing Ray by Vehumet.
  9354 | D:8      | Slain by a yak

Illustrated notes

Levels and vault maps discovered:
D:1:      minmay_arrival_split_and_join, layout_loops_ring,
          shapermc_ecumenical_altar_mp_highgroup
D:2:      layout_loops_corners, basic_altar
D:3:      layout_rooms
D:4:      layout_basic, nicolae_overflow_crystal_walls, uniq_robin
D:5:      layout_basic, minmay_temple_entry_statues_pillars,
          serial_co_window_serial, co_window_paths_a, co_window_paths_b,
          co_window_paths_a, co_window_paths_b, co_window_paths_a,
          co_window_broadway_b, co_window_broadway_c, co_window_unsneaky_path_d,
          co_window_cross_2, co_window_of_opportunity_c,
          co_window_of_opportunity_c, co_window_of_opportunity_c,
          co_window_paths_d, glass_columns_a, glass_columns_a, glass_columns_a,
          glass_columns_a
D:6:      minmay_clustersquares, layout_basic, uniq_sigmund
D:7:      layout_loops_cross, roderic_roman_lattice
D:8:      layout_rooms, nemelex_xobeh_ov_fountains_minmay,
          grunt_temple_overflow_open, lair_entry_dummy, minivault_25
Temple:   minmay_crystal_spiral_temple

Skill      XL: |  1  2  3  4  5  6  7  8  9 10 |
---------------+-------------------------------+-----
Conjurations   | 2 3 4 6 7 8 9 |  9.7
Air Magic      | 5 6 7 8 10 12 | 12.0
Spellcasting   | 3 4 5 6 7 |  7.2
Fire Magic     | 3 4 |  4.3
Dodging        | |  2.1
Stealth        | |  2.0

Action                     |  1- 3 |  4- 6 |  7- 9 | 10-12 || total
---------------------------+-------+-------+-------+-------++-------
  Melee: Dagger            |     4 |       |       |       ||     4
         Staff             |     9 |       |       |       ||     9
         Peck              |     2 |       |       |       ||     2
         Kick              |     1 |       |       |       ||     1
   Cast: Shock             |    75 |   103 |   175 |    48 ||   401
         Static Discharge  |       |     4 |    41 |     8 ||    53
         Airstrike         |       |       |    10 |     3 ||    13
         Sting             |       |       |    15 |       ||    15
         Sandblast         |       |       |     3 |       ||     3
    Use: Scroll            |       |     2 |     4 |       ||     6
 Armour: Robe              |     7 |       |       |       ||     7
         Leather armour    |     6 |    10 |    73 |    17 ||   106
  Dodge: Dodged            |    19 |     5 |    50 |    13 ||    87
